 Dungeon Crawl Stone Soup version 0.26-a0-215-g1b87330c0f (webtiles) character file.

Game seed: 7979583280086336665

240 MrRokkomies the Vexing (level 5, -2/35 HPs)
             Began as a Vampire Enchanter on July 6, 2020.
             Killed from afar by an orc wizard (9 damage)
             ... with a magic dart
             ... on level 4 of the Dungeon.
             The game lasted 00:08:16 (2469 turns).

MrRokkomies the Vexing (Vampire Enchanter)          Turns: 2469, Time: 00:08:16

Health: -2/35      AC:  2    Str: 14    XL:     5   Next: 80%
Magic:  5/8        EV: 13    Int: 17    God:
Gold:   205        SH:  0    Dex: 15    Spells: 1/9 levels left

rFire    . . .     SeeInvis +   a - +1 dagger
rCold    . . .     Faith    .   (no shield)
rNeg     . . .     Spirit   .   b - +0 robe
rPois    .         Reflect  .   (no helmet)
rElec    .         Harm     .   (no cloak)
rCorr    .                      (no gloves)
MR       .....                  (no boots)
Stlth    +++.......             (no amulet)
HPRegen  0.31/turn              j - +6 ring of strength
MPRegen  0.11/turn              (no ring)

@: flying, regenerating quickly
A: no food, fangs 3, see invisible, unbreathing
a: Exsanguinate


You were on level 4 of the Dungeon.
You were alive.

You visited 1 branch of the dungeon, and saw 5 of its levels.

You collected 205 gold pieces.

Inventory:

Hand Weapons
 a - a +1 dagger (weapon)
Armour
 b - a +0 robe (worn)
Jewellery
 j - a +6 ring of strength (left hand)
Scrolls
 g - a scroll of remove curse
 i - a scroll of fog {unknown}
 k - a scroll of teleportation {unknown}
 m - a scroll of enchant weapon {unknown}
 n - a scroll of identify
Potions
 c - a potion of cancellation
 e - 3 potions of flight
 f - 2 potions of lignification
 h - a potion of invisibility {unknown}
 l - a potion of stabbing {unknown}
 o - a potion of haste {unknown}


   Skills:
 * Level 3.5 Short Blades
 + Level 3.2 Dodging
 + Level 5.5 Stealth
 + Level 2.6 Spellcasting
 * Level 6.4 Hexes


You had one spell level left.
You knew the following spells:

 Your Spells              Type           Power        Failure   Level
a - Confusing Touch       Hex            ###.....     3%          3
b - Ensorcelled Hibernat  Hex/Ice        ##....       8%          2
c - Tukima's Dance        Hex            ###.....     3%          3

Your spell library contained the following spells:

 Spells                   Type           Power        Failure   Level
 Corona                   Hex            ###....      1%          1
 Dazzling Flash           Conj/Hex       ##....       14%         3


Dungeon Overview and Level Annotations

Branches:
Dungeon (5/15)
 Temple: D:4-7

Altars:
Qazlal


Innate Abilities, Weirdness & Mutations

You do not eat.
Your natural rate of healing is unusually fast.
You have razor-sharp teeth.
You have supernaturally acute eyesight. (SInv)
You can survive without breathing.


Message History

Confirm with . or Enter, or press ? or * to list all spells.
Aiming: Ensorcelled Hibernation (safe; 8% risk of failure)
Press: ? - help, Shift-Dir - straight line, f/p - orc priest
Aim: an orc priest, wielding a +0 hand axe and wearing a +0 ring mail (chance to defeat MR: 43%)
The orc priest looks drowsy...
The orc wizard hits you with a +0 dagger.
The orc closely misses you. The orc completely misses you.
The helpless orc priest fails to defend itself.
You impale the orc priest!!
You kill the orc priest!
The orc wizard hits you with a +0 dagger.
The orc wizard casts a spell at you. The magic dart hits you!
The orc hits you with a +0 hand axe.
* * * LOW HITPOINT WARNING * * *
The orc barely misses you.
Things that are here:
a +0 hand axe; a +0 ring mail The orc wizard gestures at you while chanting.
The magic dart hits you!
You die...

#........#
###'#####.#
#####'##.#
#..#..#.######
#..#.#
#.............
###.#.#
##.......#####
#.....# ##.###..#
#.....# ##'#....#
#....o######....##.#
#...oo).#..'....##.#
#######@##.#.......#
#....#...######.
######..........
#....###### ####.#
#....# #.#### ####.#
#....#


You could see an orc wizard (fast) and 2 orcs.

Vanquished Creatures
  An ogre (D:3)
  An orc priest (D:4)
  2 worker ants
  2 adders (D:3)
  An adder skeleton (D:4)
  2 dart slugs
  3 leopard geckos (D:3)
  5 orcs (D:3)
  A ball python (D:2)
  3 giant cockroaches
  3 goblins
  10 hobgoblins
  A quokka (D:2)
  5 bats
  8 kobolds
  2 rats
50 creatures vanquished.

Notes
Turn   | Place    | Note
-------+----------+-------------------------------------------
     0 | D:1      | MrRokkomies the Vampire Enchanter began the quest for the
                  | Orb.
     0 | D:1      | Reached XP level 1. HP: 13/13 MP: 3/3
   130 | D:1      | Reached XP level 2. HP: 7/19 MP: 3/5
   134 | D:1      | Learned a level 2 spell: Ensorcelled Hibernation
   882 | D:2      | Reached skill level 5 in Hexes
  1185 | D:2      | Reached XP level 3. HP: 24/24 MP: 6/6
  1832 | D:3      | Noticed an ogre
  1853 | D:2      | Learned a level 3 spell: Confusing Touch
  1966 | D:3      | Reached XP level 4. HP: 21/30 MP: 2/7
  2026 | D:3      | Reached skill level 5 in Stealth
  2093 | D:3      | Killed an ogre
  2093 | D:3      | Reached skill level 6 in Hexes
  2093 | D:3      | Reached XP level 5. HP: 35/35 MP: 3/8
  2141 | D:3      | Learned a level 3 spell: Tukima's Dance
  2159 | D:3      | Found a stormy altar of Qazlal.
  2397 | D:5      | Entered Level 5 of the Dungeon
  2469 | D:4      | Killed from afar by an orc wizard

Illustrated notes

Levels and vault maps discovered:
D:1:      elethiomel_arrival_maze, layout_basic
D:2:      layout_basic, first_ration, grunt_decor_clamped
D:3:      layout_rooms, lemuel_round_altar, chequers_serial_rivers_micro_d
D:4:      lemuel_castle_with_subvaults [lemuel_castle_interior_carwin_3],
          layout_basic
D:5:      layout_cave_pools, serial_shops, nicolae_shop_crystal

Skill      XL: |  1  2  3  4 |
---------------+-------------+-----
Hexes          | 5 6 |  6.4
Short Blades   | 2 3 |  3.5
Stealth        | 5 |  5.5
Dodging        | 3 |  3.2
Spellcasting   | |  2.6

Action                   |  1- 3 |  4- 6 || total
-------------------------+-------+-------++-------
Melee: Dagger            |   128 |    20 ||   148
       Bite              |     9 |     3 ||    12
 Cast: Corona            |     1 |       ||     1
       Ensorcelled Hiber |     8 |    10 ||    18
  Use: Scroll            |     4 |       ||     4
       Potion            |       |     2 ||     2
 Stab: Sleeping          |    17 |     6 ||    23
       Distracted        |     1 |       ||     1
Armor: Robe              |    24 |     1 ||    25
Dodge: Dodged            |    75 |    32 ||   107

Table legend:
 A = Non-vault XP
 B = Vault XP
 C = Vault XP percentage of total XP
 D = Non-vault monster count
 E = Vault monster count
 F = Vault count percentage of total count
                 A         B        C        D         E       F
            +---------+---------+-------+---------+---------+-------
      Total |     344 |       0 |   0.0 |      50 |       0 |   0.0
            +---------+---------+-------+---------+---------+-------
        D:1 |      28 |       0 |   0.0 |      15 |       0 |   0.0
        D:2 |      18 |       0 |   0.0 |       9 |       0 |   0.0
        D:3 |     220 |       0 |   0.0 |      23 |       0 |   0.0
        D:4 |      45 |       0 |   0.0 |       2 |       0 |   0.0
        D:5 |      33 |       0 |   0.0 |       1 |       0 |   0.0
            +---------+---------+-------+---------+---------+-------
